 Dungeon Crawl Stone Soup version 0.19.1-1-g22dce08 (webtiles) character file.

2366 Peloso the Slasher (level 9, -1/73 (74) HPs)
             Began as a Ghoul Gladiator on Dec 30, 2016.
             Was a Follower of Okawaru.
             Slain by Elizilla's ghost (4 damage)
             ... on level 6 of the Dungeon.
             The game lasted 00:18:16 (6421 turns).

Peloso the Slasher (Ghoul Gladiator)                Turns: 6421, Time: 00:18:16

HP:   -1/73 (74)    AC: 13    Str: 20    XL:     9   Next: 44%
MP:   7/8           EV: 12    Int:  3    God:    Okawaru [*.....]
Gold: 283           SH:  6    Dex: 11    Spells: 0 memorised, 8 levels left

rFire  . . .     SeeInvis .     a - +0 long sword
rCold  + + .     Gourm    .     y - +0 scale mail
rNeg   + + +     Faith    .     u - +2 buckler
rPois  ∞         Spirit   .     c - +0 helmet
rElec  .         Reflect  .     (no cloak)
rCorr  .         Harm     .     g - +2 pair of gloves
MR     .....                    m - +0 pair of boots
Stlth  ..........               (no amulet)
                                (no ring)
                                h - ring of protection from cold

@: rotting
A: rotting body, claws 1, carnivore 3, cold resistance 1, negative energy
resistance 3, slow regeneration 1, torment resistance, unbreathing
a: Heroism, Renounce Religion


You were on level 6 of the Dungeon.
You worshipped Okawaru.
Okawaru was aware of your devotion.
You were not hungry.

You visited 2 branches of the dungeon, and saw 7 of its levels.

You collected 283 gold pieces.

Inventory:

Hand Weapons
 a - a +0 long sword (weapon)
 B - a cursed -1 dagger
 H - a cursed +5 hand axe
 I - a cursed +1 short sword
 J - a +3 short sword
Missiles
 d - 3 throwing nets (quivered)
Armour
 c - a +0 helmet (worn)
 g - a +2 pair of gloves (worn)
 m - a +0 pair of boots (worn)
 u - a +2 buckler (worn)
 y - a +0 scale mail (worn)
Jewellery
 h - a ring of protection from cold (left hand)
Wands
 F - a wand of lightning (8/15)
Scrolls
 i - 6 scrolls of identify
 j - 5 scrolls of remove curse
 k - a scroll of random uselessness
 o - 3 scrolls of teleportation {unknown}
 q - 3 scrolls of magic mapping {unknown}
 v - 2 scrolls of enchant armour {unknown}
 w - a scroll of recharging {unknown}
 E - a scroll of fog
 G - a scroll of enchant weapon {unknown}
Potions
 b - a potion of agility {unknown}
 e - 2 potions of cure mutation
 l - 3 potions of heal wounds {unknown}
 p - 3 potions of might
 s - a potion of haste
 t - 3 potions of flight
 z - a potion of magic {unknown}
 A - a potion of curing {unknown}
 D - a potion of ambrosia {unknown}
Comestibles
 f - 4 meat rations
 r - a beef jerky
 x - 2 slices of pizza
 C - 2 royal jellies


   Skills:
 + Level 5.2 Fighting
 + Level 7.6 Long Blades
 + Level 2.0 Throwing
 + Level 5.3 Armour
 + Level 4.9 Dodging
 + Level 0.8 Stealth
 + Level 3.1 Shields


You had 8 spell levels left.
You didn't know any spells.

Dungeon Overview and Level Annotations

Branches:
Dungeon (6/15)             Temple (1/1) D:4

Altars:
Ashenzari
Cheibriados
Kikubaaqudgha
Nemelex Xobeh
Okawaru
Qazlal
Ru
Trog
Uskayaw
Xom
Yredelemnul
Zin
The Shining One

Shops:
D:6 :

Annotations:
D:6 Elizilla's ghost, novice FoFi


Innate Abilities, Weirdness & Mutations

Your body is rotting away.
You thrive on raw meat.
You are immune to poison.
You have sharp fingernails.
You are carnivorous and can eat meat at any time.
Your flesh is cold resistant. (rC+)
You are immune to negative energy. (rN+++)
You regenerate slowly when monsters are visible.
You are immune to unholy pain and torment.
You can survive without breathing.


Message History

You hit Elizilla's ghost but do no damage.
Elizilla's ghost is almost destroyed.
Elizilla's ghost hits you!
* * * LOW HITPOINT WARNING * * *
You hit Elizilla's ghost.
Elizilla's ghost is almost destroyed.
Elizilla's ghost hits you.
* * * LOW HITPOINT WARNING * * *
Okay, then.
You hit Elizilla's ghost.
Elizilla's ghost is almost destroyed.
Elizilla's ghost completely misses you.
You riposte.
You hit Elizilla's ghost.
Elizilla's ghost is almost destroyed.
You hit Elizilla's ghost but do no damage.
Elizilla's ghost is almost destroyed.
You barely miss Elizilla's ghost.
Elizilla's ghost is almost destroyed.
You feel like a meek peon again. Elizilla's ghost hits you.
You die...

#.......# #...###.#
#8... #..######### ##...
#..##......# #...
#..##......# #...
##.##......# 8...
#..#......# #..#......#
#.....W@..# #.........#
##........# #.........#
######### #.#....∩..#
#........
#.##.#.#########.#####.#
#.##...# #............#
#.###..# #.####.####..#
#.# #.># #.# #.# #..#


You could see Elizilla's ghost.

Vanquished Creatures
  The ghost of TheMardin the Ducker, an amateur MfGl of Okawaru (D:4)
  Menkaure (D:4)
  Duvessa (D:4)
  A black bear (D:5)
  2 eyes of draining (D:6)
  A phantom (D:4)
  An ogre (D:4)
  2 centaurs (D:5)
  4 bullfrogs
  Dowan (D:4)
  A scorpion (D:6)
  5 wights (D:6)
  A howler monkey (D:6)
  2 crimson imps (D:5)
  A quasit (D:5)
  2 orc priests
  2 bullfrog skeletons (D:6)
  A centaur skeleton (D:6)
  Natasha (thrice) (D:4)
  An iguana (D:4)
  5 orc wizards
  A hound skeleton (D:4)
  A howler monkey zombie (D:6)
  5 gnolls
  4 adders
  2 shadow imps
  3 oozes
  2 adder skeletons (D:5)
  6 worms
  2 dart slugs
  2 leopard geckos
  15 orcs
  10 giant cockroaches
  9 goblins
  8 hobgoblins
  4 jackals
  2 quokkas
  5 ball pythons
  7 bats
  8 frilled lizards
  A giant cockroach zombie (D:5)
  10 kobolds
  A quokka zombie (D:6)
  8 rats
  A spectral orc (D:5)
156 creatures vanquished.

Vanquished Creatures (others)
  An orc wizard (D:5)
1 creature vanquished.

Grand Total: 157 creatures vanquished

Notes
Turn   | Place    | Note
-------+----------+-------------------------------------------
     0 | D:1      | Peloso the Ghoul Gladiator began the quest for the Orb.
     0 | D:1      | Reached XP level 1. HP: 17/17 MP: 0/0
    92 | D:1      | Reached XP level 2. HP: 19/25 MP: 1/1
   492 | D:1      | Reached skill level 3 in Long Blades
   646 | D:1      | Reached XP level 3. HP: 29/29 MP: 2/2
   745 | D:2      | Found a stormy altar of Qazlal.
   776 | D:2      | Noticed an air elemental
   778 | D:2      | Noticed a fire elemental
   778 | D:2      | Noticed a water elemental
   778 | D:2      | Noticed an earth elemental
  1153 | D:2      | Found a sacrificial altar of Ru.
  1198 | D:2      | Reached skill level 1 in Armour
  1198 | D:2      | Reached XP level 4. HP: 31/37 MP: 3/3
  1608 | D:3      | Found a glowing silver altar of Zin.
  2007 | D:3      | Reached XP level 5. HP: 43/45 MP: 4/4
  2235 | D:4      | Noticed a phantom
  2268 | D:4      | Killed a phantom
  2268 | D:4      | Reached skill level 4 in Long Blades
  2294 | D:4      | Noticed TheMardin's ghost (amateur MfGl)
  2337 | D:4      | Reached XP level 6. HP: 39/51 MP: 5/5
  2777 | D:4      | Killed TheMardin's ghost
  2777 | D:4      | Reached skill level 5 in Long Blades
  2777 | D:4      | Reached XP level 7. HP: 12/58 MP: 6/6
  2927 | D:4      | Noticed Natasha
  2936 | D:4      | Killed Natasha
  2941 | D:4      | Noticed Natasha
  2951 | D:4      | Killed Natasha
  3009 | D:4      | Reached skill level 1 in Shields
  3086 | D:4      | Noticed Duvessa
  3104 | D:4      | Noticed Dowan
  3110 | D:4      | Killed Duvessa
  3134 | D:4      | Killed Dowan
  3141 | D:4      | Noticed Natasha
  3151 | D:4      | Killed Natasha
  3163 | D:4      | Noticed Menkaure
  3172 | D:4      | Killed Menkaure
  3172 | D:4      | Reached XP level 8. HP: 27/67 MP: 7/7
  3179 | D:4      | Found a staircase to the Ecumenical Temple.
  3191 | Temple   | Entered the Ecumenical Temple
  3292 | Temple   | Became a worshipper of Warmaster Okawaru
  3365 | D:4      | Reached skill level 6 in Long Blades
  3617 | D:4      | Found a shimmering altar of Xom.
  4124 | D:5      | Entered Level 5 of the Dungeon
  4601 | D:5      | Reached * piety under Okawaru
  4880 | D:5      | Found a basalt altar of Yredelemnul.
  4946 | D:6      | Found Jijeawol's Book Emporium.
  4977 | D:6      | Noticed Elizilla's ghost (novice FoFi)
  5016 | D:6      | HP: 2/67 [Elizilla's ghost (5)]
  5397 | D:6      | Reached skill level 7 in Long Blades
  5412 | D:6      | Reached skill level 5 in Fighting
  5412 | D:6      | Reached XP level 9. HP: 68/74 MP: 8/8
  5470 | D:6      | Found a bloodstained altar of Trog.
  5486 | D:6      | Reached skill level 5 in Armour
  5521 | D:6      | Found a shattered altar of Ashenzari.
  5679 | D:6      | Found a snail-covered altar of Cheibriados.
  5679 | D:6      | Found a hide-covered altar of Uskayaw.
  5684 | D:6      | Found a faded altar of an unknown god.
  5686 | D:6      | Found a faded altar of an unknown god.
  5688 | D:6      | Found a faded altar of an unknown god.
  6418 | D:6      | HP: 3/73 [Elizilla's ghost (1)]
  6421 | D:6      | Slain by Elizilla's ghost

Skill      XL: |  1  2  3  4  5  6  7  8  9 |
---------------+----------------------------+-----
Throwing       | 2 |  2.0
Dodging        | 3 4 |  4.9
Long Blades    | 3 4 5 7 |  7.6
Armour         | 1 2 3 4 5 |  5.3
Fighting       | 3 4 5 |  5.2
Shields        | 1 2 3 |  3.1
Stealth        | |  0.8

Action                   |  1- 3 |  4- 6 |  7- 9 || total
-------------------------+-------+-------+-------++-------
Melee: Long sword        |   128 |   156 |   494 ||   778
Invok: Heroism           |       |       |     1 ||     1
  Use: Scroll            |       |     7 |       ||     7
       Potion            |       |     1 |       ||     1
  Eat: Chunk             |    14 |     3 |    20 ||    37
Armor: Leather armour    |    44 |    25 |       ||    69
       Scale mail        |       |    25 |   250 ||   275
Dodge: Dodged            |   105 |    70 |   239 ||   414
Block: Buckler           |    10 |    31 |   135 ||   176
       Rpst.: Long sword |    33 |    26 |    69 ||   128
